| TOP OF THE 1ST |
|
Hamilton Cardinals batting - Pitching for Chester Pirates : RHP Eric Bourque
|
|
Pitching: RHP Eric Bourque
|
|
|
Batting: RHB Fortunato Fteira
|
0-0: Ball 1-0: Ball 2-0: Ball 3-0: Foul Ball, location: 2F 3-1: Foul Ball, location: 2F 3-2: Base on Balls
|
|
Batting: RHB Pat Scaturro
|
0-0: Called Strike 0-1: Ball 1-1: Ball 2-1: Fielders Choice at 2nd, 4-6 (Groundball, 4D, EV 96.9 MPH)
|
|
Batting: LHB Billy Guzman
|
0-0: Ball 1-0: Foul Ball, location: 2F 1-1: Foul Ball, location: 2F 1-2: Fly out, F8 (Flyball, 8LS, EV 93.8 MPH)
|
|
Batting: RHB Joe Alley
|
0-0: Swinging Strike 0-1: Fly out, F7 (Line Drive, 7D, EV 85.6 MPH)
|
| Top of the 1st over - 0 runs, 0 hits, 0 errors, 1 left on base; Hamilton 0 - Chester 0 |
| BOTTOM OF THE 1ST |
|
Chester Pirates batting - Pitching for Hamilton Cardinals : RHP Keith Anter
|
|
Pitching: RHP Keith Anter
|
|
|
Batting: RHB Terrence Wilson
|
0-0: Ball 1-0: Called Strike 1-1: Called Strike 1-2: Strikes out swinging
|
|
Batting: RHB Tim Moore
|
0-0: Swinging Strike 0-1: Ball 1-1: Swinging Strike 1-2: Reached on error, E5 (Groundball, 56, EV 101.9 MPH)
|
|
Batting: RHB Brandon White
|
0-0: Fly out, F8 (Flyball, 89D, EV 82.5 MPH)
|
|
Batting: LHB Carlos Vega
|
0-0: Ball 1-0: Foul Ball, location: 2F 1-1: Fly out, F7 (Flyball, 78D, EV 111.3 MPH)
|
| Bottom of the 1st over - 0 runs, 0 hits, 1 error, 1 left on base; Hamilton 0 - Chester 0 |
| TOP OF THE 2ND |
|
Hamilton Cardinals batting - Pitching for Chester Pirates : RHP Eric Bourque
|
|
Batting: LHB Travis Ruppel
|
0-0: Called Strike 0-1: Swinging Strike 0-2: Strikes out swinging
|
|
Batting: RHB Richard Riggs
|
0-0: Ball 1-0: Swinging Strike 1-1: Called Strike 1-2: Ball 2-2: Ball 3-2: Foul Ball, location: 2F 3-2: Base on Balls
|
|
Batting: RHB Jose Jimenez
|
0-0: Called Strike 0-1: Ball 1-1: Called Strike 1-2: Ball 2-2: Fly out, F9 (Flyball, 9, EV 91.9 MPH)
|
|
Batting: RHB Julio Sandoval
|
0-0: Ball 1-0: Foul Ball, location: 2F 1-1: Swinging Strike 1-2: Strikes out swinging
|
| Top of the 2nd over - 0 runs, 0 hits, 0 errors, 1 left on base; Hamilton 0 - Chester 0 |
| BOTTOM OF THE 2ND |
|
Chester Pirates batting - Pitching for Hamilton Cardinals : RHP Keith Anter
|
|
Batting: RHB Zach Chmieleski
|
0-0: Called Strike 0-1: Foul Ball, location: 2F 0-2: Ground out 1-3 (Groundball, 13S, EV 70.6 MPH)
|
|
Batting: LHB Dustin Herman
|
0-0: Ground out 4-3 (Groundball, 34, EV 109.4 MPH)
|
|
Batting: SHB Don Hauk
|
0-0: Ball 1-0: Called Strike 1-1: Called Strike 1-2: Ground out 1-3 (Groundball, 13S, EV 73.8 MPH)
|
| Bottom of the 2nd over - 0 runs, 0 hits, 0 errors, 0 left on base; Hamilton 0 - Chester 0 |
| TOP OF THE 3RD |
|
Hamilton Cardinals batting - Pitching for Chester Pirates : RHP Eric Bourque
|
|
Batting: RHB Edgar Klockow
|
0-0: Foul Ball, location: 2F 0-1: Foul Ball, location: 2F 0-2: Ball 1-2: Ball 2-2: Ball 3-2: Foul Ball, location: 2F 3-2: Base on Balls
|
|
Batting: RHB Fortunato Fteira
|
0-0: Ball 1-0: Reached on error, E6 (Groundball, 6M, EV 86.3 MPH) Edgar Klockow to second
|
|
Batting: RHB Pat Scaturro
|
0-0: Ball 1-0: Ball 2-0: Foul Ball, location: 2F 2-1: Ball 3-1: Base on Balls Edgar Klockow to third Fortunato Fteira to second
|
|
Batting: LHB Billy Guzman
|
0-0: GRAND SLAM HOME RUN (Flyball, 7D, EV 98.8 MPH), Distance : 387 ft
|
|
Batting: RHB Joe Alley
|
0-0: Foul Ball, location: 2F 0-1: DOUBLE (Line Drive, 89D, EV 107.5 MPH)
|
|
Batting: LHB Travis Ruppel
|
0-0: Called Strike 0-1: Fly out, F5 (Popup, 5SF, EV 66.3 MPH)
|
|
Batting: RHB Richard Riggs
|
0-0: Ball 1-0: Called Strike 1-1: Ball 2-1: Called Strike 2-2: Ball 3-2: Strikes out swinging
|
|
Batting: RHB Jose Jimenez
|
0-0: Ball 1-0: Ball 2-0: Ball 3-0: Called Strike 3-1: Swinging Strike 3-2: Strikes out swinging
|
| Top of the 3rd over - 4 runs, 2 hits, 1 error, 1 left on base; Hamilton 4 - Chester 0 |
| BOTTOM OF THE 3RD |
|
Chester Pirates batting - Pitching for Hamilton Cardinals : RHP Keith Anter
|
|
Batting: RHB Frank Elizondo
|
0-0: Ball 1-0: Foul Ball, location: 2F 1-1: Fly out, F3 (Popup, 34S, EV 78.1 MPH)
|
|
Batting: RHB Erik Mulligan
|
0-0: Ball 1-0: Ball 2-0: Foul Ball, location: 2F 2-1: Ball 3-1: Swinging Strike 3-2: Foul Ball, location: 2F 3-2: Strikes out looking
|
|
Batting: RHB Terrence Wilson
|
0-0: Swinging Strike 0-1: Foul Ball, location: 2F 0-2: Strikes out swinging
|
| Bottom of the 3rd over - 0 runs, 0 hits, 0 errors, 0 left on base; Hamilton 4 - Chester 0 |
| TOP OF THE 4TH |
|
Hamilton Cardinals batting - Pitching for Chester Pirates : RHP Eric Bourque
|
|
Batting: RHB Julio Sandoval
|
0-0: Called Strike 0-1: Ball 1-1: Fly out, F5 (Popup, 25F, EV 83.8 MPH)
|
|
Batting: RHB Edgar Klockow
|
0-0: Called Strike 0-1: Swinging Strike 0-2: Ball 1-2: Ball 2-2: Strikes out swinging
|
|
Batting: RHB Fortunato Fteira
|
0-0: Called Strike 0-1: Ball 1-1: SINGLE (Groundball, 4MD, EV 95.0 MPH)
|
|
Batting: RHB Pat Scaturro
|
0-0: Foul Ball, location: 2F 0-1: Ball 1-1: Foul Ball, location: 2F 1-2: Foul Ball, location: 2F 1-2: Foul Ball, location: 2F 1-2: Foul Ball, location: 2F 1-2: Fly out, F3 (Popup, 34S, EV 80.6 MPH)
|
| Top of the 4th over - 0 runs, 1 hit, 0 errors, 1 left on base; Hamilton 4 - Chester 0 |
| BOTTOM OF THE 4TH |
|
Chester Pirates batting - Pitching for Hamilton Cardinals : RHP Keith Anter
|
|
Batting: RHB Tim Moore
|
0-0: Ball 1-0: SINGLE (Groundball, 56D, EV 93.8 MPH)
|
|
Batting: RHB Brandon White
|
0-0: Ball 1-0: Ball 2-0: Single, Error in OF, E9, batter to second base (Line Drive, 89S, EV 91.3 MPH) Tim Moore to third
|
|
Batting: LHB Carlos Vega
|
0-0: Ball 1-0: Ground out 2-3 (Groundball, 15S, EV 70.0 MPH)
|
|
Batting: RHB Zach Chmieleski
|
0-0: Ball 1-0: Foul Ball, location: 2F 1-1: Called Strike 1-2: Ball 2-2: Strikes out swinging
|
|
Batting: LHB Dustin Herman
|
0-0: Ball 1-0: Ball 2-0: Ball 3-0: Called Strike 3-1: Foul Ball, location: 2F 3-2: Strikes out looking
|
| Bottom of the 4th over - 0 runs, 2 hits, 1 error, 2 left on base; Hamilton 4 - Chester 0 |
| TOP OF THE 5TH |
|
Hamilton Cardinals batting - Pitching for Chester Pirates : RHP Eric Bourque
|
|
Batting: LHB Billy Guzman
|
0-0: Ball 1-0: Foul Ball, location: 2F 1-1: SINGLE (Groundball, 6MS, EV 71.9 MPH) (infield hit)
|
|
Batting: RHB Joe Alley
|
0-0: Called Strike 0-1: Foul Ball, location: 2F 0-2: Strikes out looking
|
|
Batting: LHB Travis Ruppel
|
0-0: DOUBLE (Line Drive, 78D, EV 110.6 MPH) Billy Guzman to third Runner from 3rd tries for Home, SAFE, no throw by CF
|
|
Batting: RHB Richard Riggs
|
0-0: Called Strike 0-1: SINGLE (Line Drive, 56, EV 110.6 MPH) Travis Ruppel to third
|
|
Batting: RHB Jose Jimenez
|
0-0: Foul Ball, location: 2F 0-1: Ball 1-1: Ball 2-1: Ball 3-1: SINGLE (Line Drive, 9S, EV 93.1 MPH) Travis Ruppel scores Richard Riggs to second Throwing error, E9 Richard Riggs scores Jose Jimenez to second
|
|
Pitching: RHP Pat Hall
|
|
|
Batting: RHB Julio Sandoval
|
0-0: Called Strike 0-1: Called Strike 0-2: Ball 1-2: Hit by Pitch
|
|
Batting: RHB Edgar Klockow
|
0-0: Called Strike Pickoff Throw to Second - Error! E1 Jose Jimenez to third Julio Sandoval to second 0-1: Ball 1-1: Hit by Pitch
|
|
Pinch Runner at 1st Bobby Miles:
|
|
|
Batting: RHB Fortunato Fteira
|
0-0: Foul Ball, location: 2F 0-1: Called Strike 0-2: Foul Ball, location: 2F 0-2: Ball 1-2: Ball 2-2: Strikes out swinging
|
|
Batting: RHB Pat Scaturro
|
0-0: Called Strike 0-1: Ball 1-1: Ball 2-1: Fly out, F7 (Flyball, 7LM, EV 92.5 MPH)
|
| Top of the 5th over - 3 runs, 4 hits, 2 errors, 3 left on base; Hamilton 7 - Chester 0 |
| BOTTOM OF THE 5TH |
|
Chester Pirates batting - Pitching for Hamilton Cardinals : RHP Keith Anter
|
|
Now in CF: Bobby Miles
|
|
|
Batting: SHB Don Hauk
|
0-0: Ball 1-0: Ball 2-0: Called Strike 2-1: Swinging Strike 2-2: Ball 3-2: Strikes out swinging
|
|
Batting: RHB Frank Elizondo
|
0-0: Ball 1-0: Foul Ball, location: 2F 1-1: Foul Ball, location: 2F 1-2: Fly out, F9 (Flyball, 9D, EV 93.8 MPH)
|
|
Batting: RHB Erik Mulligan
|
0-0: Ball 1-0: Ball 2-0: Swinging Strike 2-1: Foul Ball, location: 2F 2-2: Ground out 5-3 (Groundball, 56, EV 103.1 MPH)
|
| Bottom of the 5th over - 0 runs, 0 hits, 0 errors, 0 left on base; Hamilton 7 - Chester 0 |
| TOP OF THE 6TH |
|
Hamilton Cardinals batting - Pitching for Chester Pirates : RHP Pat Hall
|
|
Batting: LHB Billy Guzman
|
0-0: Foul Ball, location: 2F 0-1: Called Strike 0-2: Ball 1-2: Ball 2-2: Ball 3-2: Base on Balls
|
|
Batting: RHB Joe Alley
|
0-0: Ball 1-0: Foul Ball, location: 2F 1-1: Called Strike 1-2: Ball 2-2: Strikes out swinging
|
|
Batting: LHB Travis Ruppel
|
0-0: Called Strike 0-1: Ball 1-1: Foul Ball, location: 2F 1-2: Ball 2-2: Fly out, F5 (Flyball, 5D, EV 70.0 MPH)
|
|
Batting: RHB Richard Riggs
|
0-0: Hit by Pitch Billy Guzman to second
|
|
Batting: RHB Jose Jimenez
|
0-0: Called Strike 0-1: Foul Ball, location: 2F 0-2: Ball 1-2: Strikes out looking
|
| Top of the 6th over - 0 runs, 0 hits, 0 errors, 2 left on base; Hamilton 7 - Chester 0 |
| BOTTOM OF THE 6TH |
|
Chester Pirates batting - Pitching for Hamilton Cardinals : RHP Keith Anter
|
|
Batting: RHB Terrence Wilson
|
0-0: Called Strike 0-1: Called Strike 0-2: Foul Ball, location: 2F 0-2: Ball 1-2: Ball 2-2: Strikes out looking
|
|
Batting: RHB Tim Moore
|
0-0: Ball 1-0: Ball 2-0: Foul Ball, location: 2F 2-1: Swinging Strike 2-2: Strikes out looking
|
|
Batting: RHB Brandon White
|
0-0: Fly out, F5 (Popup, 5, EV 84.4 MPH)
|
| Bottom of the 6th over - 0 runs, 0 hits, 0 errors, 0 left on base; Hamilton 7 - Chester 0 |
| TOP OF THE 7TH |
|
Hamilton Cardinals batting - Pitching for Chester Pirates : RHP Pat Hall
|
|
Pitching: RHP Kyle Davis
|
|
|
Batting: RHB Julio Sandoval
|
0-0: Foul Ball, location: 2F 0-1: Swinging Strike 0-2: Strikes out swinging
|
|
Batting: RHB Bobby Miles
|
0-0: Ball 1-0: Foul Ball, location: 2F 1-1: Ball 2-1: Ball 3-1: DOUBLE (Line Drive, 9LM, EV 104.4 MPH)
|
|
Pinch Hitting: SHB Steve Langlois
|
0-0: Ball 1-0: Called Strike 1-1: Ball 2-1: Ball 3-1: Base on Balls
|
|
Batting: RHB Pat Scaturro
|
0-0: Called Strike 0-1: Ball 1-1: Swinging Strike 1-2: Foul Ball, location: 2F 1-2: Ball 2-2: Ball 3-2: Fielders Choice at 2nd, 4-6 (Groundball, 4, EV 106.3 MPH) Bobby Miles to third
|
|
Batting: LHB Billy Guzman
|
0-0: Fly out, F6 (Line Drive, 6, EV 65.0 MPH)
|
| Top of the 7th over - 0 runs, 1 hit, 0 errors, 2 left on base; Hamilton 7 - Chester 0 |
| BOTTOM OF THE 7TH |
|
Chester Pirates batting - Pitching for Hamilton Cardinals : RHP Keith Anter
|
|
Now in LF: Steve Langlois
|
|
|
Batting: LHB Carlos Vega
|
0-0: Called Strike 0-1: Fly out, F8 (Flyball, 78D, EV 109.4 MPH)
|
|
Pitching: RHP Austin Gambrell
|
|
|
Batting: RHB Zach Chmieleski
|
0-0: Foul Ball, location: 2F 0-1: Called Strike 0-2: Ball 1-2: Strikes out looking
|
|
Batting: LHB Dustin Herman
|
0-0: Ball 1-0: Called Strike 1-1: Foul Ball, location: 2F 1-2: Ball 2-2: Fly out, F5 (Popup, 5SF, EV 78.8 MPH)
|
| Bottom of the 7th over - 0 runs, 0 hits, 0 errors, 0 left on base; Hamilton 7 - Chester 0 |
| TOP OF THE 8TH |
|
Hamilton Cardinals batting - Pitching for Chester Pirates : RHP Kyle Davis
|
|
Pinch Hitting: SHB Gonnohyoe Hata
|
0-0: Ball 1-0: Ground out 4-3 (Groundball, 4M, EV 90.6 MPH)
|
|
Batting: LHB Travis Ruppel
|
0-0: Fly out, F9 (Flyball, 9, EV 83.8 MPH)
|
|
Pinch Hitting: RHB Alex Melgoza
|
0-0: Foul Ball, location: 2F 0-1: Called Strike 0-2: Ball 1-2: Ball 2-2: Foul Ball, location: 2F 2-2: Fly out, F7 (Flyball, 7, EV 95.6 MPH)
|
| Top of the 8th over - 0 runs, 0 hits, 0 errors, 0 left on base; Hamilton 7 - Chester 0 |
| BOTTOM OF THE 8TH |
|
Chester Pirates batting - Pitching for Hamilton Cardinals : RHP Austin Gambrell
|
|
Now at 1B: Alex Melgoza
|
|
|
Now at 3B: Nelson Pelico
|
|
|
Batting: SHB Don Hauk
|
0-0: Ball 1-0: Ball 2-0: Foul Ball, location: 2F 2-1: Foul Ball, location: 2F 2-2: Strikes out swinging
|
|
Batting: RHB Frank Elizondo
|
0-0: Ball 1-0: Ball 2-0: Swinging Strike 2-1: Called Strike 2-2: Strikes out looking
|
|
Pinch Hitting: RHB Jeff Edwards
|
0-0: Ball 1-0: Ball 2-0: Foul Ball, location: 2F 2-1: Foul Ball, location: 2F 2-2: SINGLE (Groundball, 56D, EV 96.9 MPH)
|
|
Batting: RHB Terrence Wilson
|
0-0: Ball 1-0: Ball 2-0: Called Strike 2-1: Ball 3-1: Ground out 4-3 (Groundball, 4S, EV 68.8 MPH)
|
| Bottom of the 8th over - 0 runs, 1 hit, 0 errors, 1 left on base; Hamilton 7 - Chester 0 |
| TOP OF THE 9TH |
|
Hamilton Cardinals batting - Pitching for Chester Pirates : RHP Kyle Davis
|
|
Now at SS: Chad Cutler
|
|
|
Batting: RHB Jose Jimenez
|
0-0: Ball 1-0: Ball 2-0: Called Strike 2-1: Swinging Strike 2-2: Ball 3-2: Foul Ball, location: 2F 3-2: Strikes out swinging
|
|
Batting: RHB Julio Sandoval
|
0-0: Fly out, F7 (Flyball, 7S, EV 83.1 MPH)
|
|
Pinch Hitting: RHB Tyler Walker
|
0-0: Foul Ball, location: 2F 0-1: Ball 1-1: Ground out 5-3 (Groundball, 56, EV 85.6 MPH)
|
| Top of the 9th over - 0 runs, 0 hits, 0 errors, 0 left on base; Hamilton 7 - Chester 0 |
| BOTTOM OF THE 9TH |
|
Chester Pirates batting - Pitching for Hamilton Cardinals : RHP Austin Gambrell
|
|
Now in CF: Ivan Cortez
|
|
|
Pinch Hitting: RHB Dan Kurtz
|
0-0: Ball 1-0: Swinging Strike 1-1: Ground out 4-3 (Groundball, 4M, EV 84.4 MPH)
|
|
Batting: RHB Brandon White
|
0-0: Swinging Strike 0-1: Swinging Strike 0-2: Ball 1-2: Ball 2-2: Ball 3-2: Strikes out swinging
|
|
Batting: LHB Carlos Vega
|
0-0: Foul Ball, location: 2F 0-1: Fly out, F8 (Flyball, 8LD, EV 91.3 MPH)
|
| Bottom of the 9th over - 0 runs, 0 hits, 0 errors, 0 left on base; Hamilton 7 - Chester 0 |
|